 Dungeon Crawl Stone Soup version 0.29.0-4-gdea44cf6ec (webtiles) character file.

Game seed: 4146599836907679520

6085 qw the Cleaver (level 10, -11/61 HPs)
             Began as a Tengu Warper on Aug 28, 2022.
             Was a Follower of Okawaru.
             Mangled by a six-headed hydra (12 damage)
             ... on level 1 of the Lair of Beasts.
             The game lasted 00:01:15 (11990 turns).

qw the Cleaver (Tengu Warper)                      Turns: 11990, Time: 00:01:15

Health: -11/61     AC: 17    Str: 16    XL:     10   Next: 88%
Magic:  13/14      EV:  8    Int: 13    God:    Okawaru [*.....]
Gold:   1300       SH:  8    Dex: 20    Spells: 13/13 levels left

rFire   + . .      SeeInvis .   p - +0 morningstar
rCold   + + .      Faith    .   i - +2 buckler
rNeg    . . .      Spirit   .   v - +0 plate armour
rPois   .          Reflect  .   (helmet restricted)
rElec   .          Harm     .   g - +1 cloak
rCorr   .          Rampage  .   j - +1 pair of gloves
Will    .....                   (boots unavailable)
Stlth   ..........              (no amulet)
HPRegen 0.20/turn               f - ring of protection from fire
MPRegen 0.14/turn               k - +6 ring of dexterity

@: about to teleport, flying quickly and evasively, quick
A: beak, talons 3, nimble flight, cold resistance 2
a: Renounce Religion, Heroism


You were on level 1 of the Lair of Beasts.
You worshipped Okawaru.
Okawaru was aware of your devotion.
You visited 3 branches of the dungeon, and saw 10 of its levels.

You collected 1445 gold pieces.
You spent 145 gold pieces at shops.


Innate Abilities, Weirdness & Mutations

You have a beak for a mouth.
You have claws for feet.
Your magical nature lets you fly swiftly and evasively.
Your flesh is very cold resistant. (rC++)


   Skills:
 - Level 6.3 Fighting
 - Level 13.1 Axes
 - Level 1.0 Throwing
 - Level 7.0 Armour
 - Level 4.3 Dodging
 + Level 3.5 Shields
 - Level 2.0 Spellcasting
 - Level 2.4 Translocations
 + Level 2.8 Invocations


You had 13 spell levels left.
You didn't know any spells.
Your spell library contained the following spells:

 Spells                   Type           Power      Damage    Failure   Level
 Blink                    Tloc           14%        N/A       100%        2
 Gell's Gravitas          Tloc           7%         N/A       100%        3
 Lesser Beckoning         Tloc           7%         N/A       100%        3
 Teleport Other           Tloc           7%         N/A       100%        3
 Manifold Assault         Tloc           7%         N/A       100%        5

Inventory:

Hand Weapons
 p - a +0 morningstar (weapon)
 Y - a +1 war axe
Missiles
 c - 7 boomerangs (quivered)
Armour
 g - a +1 cloak (worn)
 i - a +2 buckler (worn)
 j - a +1 pair of gloves (worn)
 v - a +0 plate armour (worn)
Jewellery
 f - a ring of protection from fire (left hand)
 k - a +6 ring of dexterity (right hand)
 m - a ring of protection from cold
 q - a ring of protection from cold
Scrolls
 a - 3 scrolls of teleportation
 b - 5 scrolls of identify
Potions
 d - 3 potions of might
 h - 2 potions of mutation
 l - 5 potions of haste
 r - 2 potions of curing

Dungeon Overview and Level Annotations

Branches:
Dungeon (8/15)             Temple (1/1) D:7            Lair (1/5) D:8

Altars:
Ashenzari
Cheibriados
Dithmenos
Elyvilon
Fedhas
Gozag
Hepliaklqana
Kikubaaqudgha
Makhleb
Nemelex Xobeh
Okawaru
Ru
Sif Muna
Trog
Uskayaw
Vehumet
Wu Jian
Xom
Yredelemnul
Zin
The Shining One

Shops:
D:3 ?


Message History

You block the yak's attack.
You barely miss the yak. Your kick misses the yak.
The yak is severely wounded.
The yak closely misses you.
You hit the yak. Your kick misses the yak.
The yak is almost dead.
The yak gores you!
You puncture the yak!
You kill the yak!
Okawaru accepts your kill.
You sock the six-headed hydra! You peck the six-headed hydra.
The six-headed hydra is lightly wounded.
The six-headed hydra barely misses you.
You block the six-headed hydra's attack.
The six-headed hydra bites you but does no damage.
The six-headed hydra barely misses you.
The six-headed hydra bites you but does no damage.
The six-headed hydra barely misses you.
You hit the six-headed hydra. You claw the six-headed hydra.
The six-headed hydra is moderately wounded.
You block the six-headed hydra's attack.
The six-headed hydra barely misses you. x2
You block the six-headed hydra's attack. x2
The six-headed hydra barely misses you.
You bludgeon the six-headed hydra!!
The six-headed hydra is heavily wounded.
You feel like a meek peon again. The six-headed hydra bites you. x2
The six-headed hydra bites you but does no damage.
The six-headed hydra closely misses you.
You block the six-headed hydra's attack.
The six-headed hydra bites you but does no damage.
11990 ||| READING 4 scrolls of teleportation.
As you read the scroll of teleportation, it crumbles to dust.
You feel strangely unstable.
You block the six-headed hydra's attack.
The six-headed hydra bites you!
The six-headed hydra bites you but does no damage.
The six-headed hydra bites you!
You die...

# ###
.################..
...................
#.........########.
##.#####..# #.
#.#...+..## #.
#@#...P...# ##.
#D#...+>.P# #..
#...###..## ##.
#######.......<# #.
...............# ##.
...............#######..
........................
..#..###................
.. ### #.....##...[.....


You could see a six-headed hydra.

Vanquished Creatures
  Maurice (D:8)
  A cane toad (Lair:1)
  Maggie (D:8)
  Grinder (D:5)
  A wyvern (D:7)
  4 yaks
  3 steam dragons
  A basilisk (Lair:1)
  3 water moccasins
  3 orc warriors
  2 sky beasts
  An ice beast (D:8)
  6 black bears
  2 centaurs
  2 kobold brigands
  2 phantoms
  4 bullfrogs
  2 necrophages (D:7)
  2 gnoll sergeants
  6 scorpions
  4 wights (D:7)
  4 jellies
  3 hounds
  3 orc priests
  Ijyb (D:3)
  Natasha (thrice) (D:3)
  2 iguanas (D:6)
  6 orc wizards
  7 gnolls
  7 adders
  A shadow imp (D:5)
  2 white imps
  An ufetubus (D:4)
  3 worms
  2 dart slugs
  29 orcs
  7 endoplasms
  2 giant cockroaches
  7 hobgoblins
  4 jackals
  5 quokkas
  7 ball pythons
  7 bats
  3 frilled lizards
  8 goblins
  16 kobolds
  5 rats
197 creatures vanquished.

Vanquished Creatures (others)
  5 fungi (D:8)
  8 plants (D:8)
13 creatures vanquished.

Grand Total: 210 creatures vanquished

Notes
Turn   | Place    | Note
-------+----------+-------------------------------------------
     0 | D:1      | qw the Tengu Warper began the quest for the Orb.
     0 | D:1      | Reached XP level 1. HP: 12/12 MP: 4/4
     0 | D:1      | 0 ||| qw: Version: 0.1-a-89-g26bdef1
     0 | D:1      | 0 ||| qw: Game counter: 1816
     0 | D:1      | 0 ||| qw: Always use a shield: true
     0 | D:1      | 0 ||| qw: God list: Okawaru
     0 | D:1      | 0 ||| qw: Allow faded altars: false
     0 | D:1      | 0 ||| qw: Do Orc after D:15 true
     0 | D:1      | 0 ||| qw: Do second Lair branch before Depths: true
     0 | D:1      | 0 ||| qw: Lair rune preference: random
     0 | D:1      | 0 ||| qw: Plans: Normal
     0 | D:1      | 0 ||| PLANNING D:1-11
    64 | D:1      | 64 ||| Stepping ~*~*~tactically~*~*~ (stealth).
    65 | D:1      | 65 ||| Stepping ~*~*~tactically~*~*~ (stealth).
    78 | D:1      | 78 ||| Stepping ~*~*~tactically~*~*~ (stealth).
    85 | D:1      | Reached XP level 2. HP: 13/17 MP: 6/6
    86 | D:1      | Reached skill level 3 in Axes
   205 | D:1      | 205 ||| Stepping ~*~*~tactically~*~*~ (stealth).
   207 | D:1      | 207 ||| Stepping ~*~*~tactically~*~*~ (stealth).
   208 | D:1      | 208 ||| Stepping ~*~*~tactically~*~*~ (stealth).
   344 | D:1      | 344 ||| Stepping ~*~*~tactically~*~*~ (stealth).
   373 | D:1      | 373 ||| Stepping ~*~*~tactically~*~*~ (stealth).
   443 | D:1      | 443 ||| Stepping ~*~*~tactically~*~*~ (stealth).
   444 | D:1      | 444 ||| Stepping ~*~*~tactically~*~*~ (stealth).
   445 | D:1      | 445 ||| Stepping ~*~*~tactically~*~*~ (stealth).
   455 | D:1      | 455 ||| Stepping ~*~*~tactically~*~*~ (stealth).
   472 | D:1      | Reached XP level 3. HP: 21/21 MP: 7/7
   503 | D:1      | 503 ||| DROPPING +0 club.
   645 | D:1      | Found a faded altar of an unknown god.
   695 | D:1      | 695 ||| UPGRADING to +0 ring mail.
   705 | D:1      | 705 ||| DROPPING +0 leather armour.
   706 | D:1      | 706 ||| UPGRADING to +0 scale mail.
   716 | D:1      | 716 ||| DROPPING +0 ring mail.
   717 | D:1      | 717 ||| UPGRADING to amulet of guardian spirit.
   722 | D:1      | 722 ||| DROPPING ring of wizardry.
   723 | D:1      | 723 ||| READING 2 scrolls labelled VEMAICL RAPU.
   726 | D:1      | 726 ||| READING scroll labelled WUDACO UCOO.
   727 | D:1      | 727 ||| DRINKING 2 lumpy ruby potions.
   728 | D:1      | 728 ||| DRINKING 3 amethyst potions.
   729 | D:1      | 729 ||| DROPPING scroll of blinking.
   730 | D:1      | 730 ||| DROPPING 2 potions of degeneration.
   773 | D:2      | Reached skill level 4 in Axes
   830 | D:2      | 830 ||| Stepping ~*~*~tactically~*~*~ (hiding).
   843 | D:2      | 843 ||| FLEEEEING.
   844 | D:2      | 844 ||| FLEEEEING.
   845 | D:2      | 845 ||| FLEEEEING.
   846 | D:2      | 846 ||| FLEEEEING.
   847 | D:2      | 847 ||| FLEEEEING.
   848 | D:2      | 848 ||| FLEEEEING.
   849 | D:2      | 849 ||| FLEEEEING.
   850 | D:2      | 850 ||| FLEEEEING.
   851 | D:2      | 851 ||| FLEEEEING.
   852 | D:2      | 852 ||| FLEEEEING.
   853 | D:2      | 853 ||| FLEEEEING.
   854 | D:2      | 854 ||| FLEEEEING.
   855 | D:2      | 855 ||| FLEEEEING.
   856 | D:2      | 856 ||| FLEEEEING.
   857 | D:2      | 857 ||| FLEEEEING.
   858 | D:2      | 858 ||| FLEEEEING.
   859 | D:2      | 859 ||| FLEEEEING.
   861 | D:2      | 861 ||| FLEEEEING.
   862 | D:2      | 862 ||| FLEEEEING.
   863 | D:2      | 863 ||| FLEEEEING.
   864 | D:2      | 864 ||| FLEEEEING.
   865 | D:2      | 865 ||| FLEEEEING.
   866 | D:2      | 866 ||| FLEEEEING.
   867 | D:2      | 867 ||| FLEEEEING.
   868 | D:2      | 868 ||| FLEEEEING.
   869 | D:2      | 869 ||| FLEEEEING.
   870 | D:2      | 870 ||| STAIRDANCE
   911 | D:1      | 911 ||| READING scroll labelled ERE EXECONUMOPN.
  1314 | D:2      | Reached XP level 4. HP: 25/26 MP: 8/8
  1396 | D:2      | 1396 ||| Stepping ~*~*~tactically~*~*~ (stealth).
  1406 | D:2      | Found a shimmering altar of Xom.
  1917 | D:2      | 1917 ||| Stepping ~*~*~tactically~*~*~ (stealth).
  1940 | D:2      | 1940 ||| DRINKING 2 murky pink potions.
  2045 | D:2      | 2045 ||| DRINKING 2 fuming clear potions.
  2045 | D:2      | Gained mutation: Your flesh is cold resistant. (rC+)
                  | [potion of mutation]
  2045 | D:2      | Gained mutation: Your flesh is very cold resistant. (rC++)
                  | [potion of mutation]
  2046 | D:2      | 2046 ||| READING 4 scrolls of identify.
  2046 | D:2      | 2046 ||| IDENTIFYING ruby potion
  2047 | D:2      | 2047 ||| READING 3 scrolls of identify.
  2047 | D:2      | 2047 ||| IDENTIFYING orange potion
  2048 | D:2      | 2048 ||| DROPPING potion of invisibility.
  2049 | D:2      | 2049 ||| DROPPING potion of berserk rage.
  2071 | D:3      | 2071 ||| STAIRDANCE
  2087 | D:3      | 2087 ||| STAIRDANCE
  2201 | D:3      | Reached skill level 5 in Axes
  2216 | D:3      | 2216 ||| Stepping ~*~*~tactically~*~*~ (hiding).
  2350 | D:3      | 2350 ||| Stepping ~*~*~tactically~*~*~ (stealth).
  2389 | D:3      | Found Aneep's Magic Scroll Boutique.
  2392 | D:3      | 2392 ||| BUYING scroll of enchant weapon (75 gold).
  2392 | D:3      | Bought a scroll of enchant weapon for 75 gold pieces
  2392 | D:3      | 2392 ||| BUYING scroll of identify (20 gold).
  2392 | D:3      | Bought a scroll of identify for 20 gold pieces
  2392 | D:3      | 2392 ||| BUYING scroll of identify (20 gold).
  2392 | D:3      | Bought a scroll of identify for 20 gold pieces
  2392 | D:3      | 2392 ||| BUYING scroll of teleportation (30 gold).
  2392 | D:3      | Bought a scroll of teleportation for 30 gold pieces
  2392 | D:3      | 2392 ||| READING scroll of enchant weapon.
  2392 | D:3      | 2392 ||| ENCHANTING +0 hand axe.
  2563 | D:3      | Noticed Natasha
  2569 | D:3      | Killed Natasha
  2570 | D:3      | Gained mutation: Your magical nature lets you fly swiftly
                  | and evasively. [Tengu growth]
  2570 | D:3      | Reached XP level 5. HP: 21/30 MP: 7/9
  2656 | D:3      | Noticed Natasha
  2664 | D:3      | Killed Natasha
  2665 | D:3      | Reached skill level 6 in Axes
  3233 | D:3      | Noticed Ijyb
  3244 | D:3      | Killed Ijyb
  3402 | D:3      | 3402 ||| DROPPING +0 whip.
  3490 | D:3      | Noticed Natasha
  3491 | D:3      | 3491 ||| Stepping ~*~*~tactically~*~*~ (stealth).
  3493 | D:3      | 3493 ||| Stepping ~*~*~tactically~*~*~ (stealth).
  3500 | D:3      | Killed Natasha
  3658 | D:3      | 3658 ||| UPGRADING to +1 cloak.
  3663 | D:3      | 3663 ||| READING scroll labelled MIMODONN OTHRING.
  3664 | D:3      | 3664 ||| READING 6 scrolls of identify.
  3664 | D:3      | 3664 ||| IDENTIFYING glowing inky potion
  3675 | D:4      | 3675 ||| STAIRDANCE
  3681 | D:3      | Reached skill level 7 in Axes
  3681 | D:3      | Reached XP level 6. HP: 31/35 MP: 8/10
  3723 | D:4      | 3723 ||| STAIRDANCE
  3910 | D:4      | Identified the +5 long sword "Beastslayer" {flame, rF++
                  | Dex-3}
  3956 | D:4      | 3956 ||| Stepping ~*~*~tactically~*~*~ (stealth).
  3957 | D:4      | 3957 ||| Stepping ~*~*~tactically~*~*~ (stealth).
  3966 | D:4      | 3966 ||| Stepping ~*~*~tactically~*~*~ (stealth).
  3967 | D:4      | 3967 ||| Stepping ~*~*~tactically~*~*~ (hiding).
  3972 | D:4      | 3972 ||| Stepping ~*~*~tactically~*~*~ (hiding).
  3979 | D:4      | Reached skill level 3 in Fighting
  4147 | D:4      | 4147 ||| READING scroll of enchant weapon.
  4147 | D:4      | 4147 ||| ENCHANTING +1 hand axe.
  4161 | D:4      | Found a hazy altar of Hepliaklqana.
  4162 | D:4      | Found a shadowy altar of Dithmenos.
  4163 | D:4      | Noticed a shadow
  4297 | D:4      | 4297 ||| SWAPPING to +0 war axe.
  4298 | D:4      | 4298 ||| DROPPING +0 flail.
  4299 | D:4      | 4299 ||| DROPPING +2 hand axe.
  4468 | D:4      | 4468 ||| Stepping ~*~*~tactically~*~*~ (stealth).
  4473 | D:4      | 4473 ||| FLEEEEING.
  4483 | D:4      | 4483 ||| STAIRDANCE
  4518 | D:3      | 4518 ||| UPGRADING to ring of protection from fire.
  4519 | D:3      | 4519 ||| UPGRADING to +6 ring of dexterity.
  4520 | D:3      | 4520 ||| DRINKING 2 purple potions.
  4521 | D:3      | 4521 ||| READING 5 scrolls of identify.
  4521 | D:3      | 4521 ||| IDENTIFYING pink potion
  4522 | D:3      | 4522 ||| DROPPING potion of flight.
  4543 | D:4      | Reached skill level 3 in Dodging
  4543 | D:4      | Reached XP level 7. HP: 36/41 MP: 8/11
  4639 | D:4      | 4639 ||| READING scroll labelled ZENTAN ZUIHYSM.
  4656 | D:5      | Entered Level 5 of the Dungeon
  4676 | D:5      | 4676 ||| Stepping ~*~*~tactically~*~*~ (hiding).
  4678 | D:5      | 4678 ||| Stepping ~*~*~tactically~*~*~ (hiding).
  4694 | D:5      | 4694 ||| Stepping ~*~*~tactically~*~*~ (stealth).
  4748 | D:5      | 4748 ||| Stepping ~*~*~tactically~*~*~ (stealth).
  4749 | D:5      | 4749 ||| Stepping ~*~*~tactically~*~*~ (stealth).
  4799 | D:5      | Reached skill level 8 in Axes
  4834 | D:5      | 4834 ||| Stepping ~*~*~tactically~*~*~ (stealth).
  4836 | D:5      | 4836 ||| Stepping ~*~*~tactically~*~*~ (hiding).
  4901 | D:5      | 4901 ||| Stepping ~*~*~tactically~*~*~ (stealth).
  4902 | D:5      | 4902 ||| Stepping ~*~*~tactically~*~*~ (stealth).
  4906 | D:5      | Noticed Grinder
  4916 | D:5      | Killed Grinder
  4917 | D:5      | Reached skill level 3 in Armour
  4923 | D:5      | Reached XP level 8. HP: 40/46 MP: 10/12
  4952 | D:5      | 4952 ||| Stepping ~*~*~tactically~*~*~ (stealth).
  5278 | D:5      | Reached skill level 9 in Axes
  5350 | D:5      | 5350 ||| UPGRADING to +0 chain mail.
  5360 | D:5      | 5360 ||| DROPPING +0 scale mail.
  5361 | D:5      | 5361 ||| DROPPING +1 cloak.
  5493 | D:6      | 5493 ||| Stepping ~*~*~tactically~*~*~ (hiding).
  5695 | D:6      | Identified the +0 ring mail "Roime" {rPois rN+ Str-4}
  5710 | D:6      | HP: 12/48 [poisoned by a water moccasin]
  5715 | D:6      | HP: 8/48 [poisoned by a water moccasin]
  6321 | D:6      | 6321 ||| Stepping ~*~*~tactically~*~*~ (stealth).
  6335 | D:6      | HP: 7/48 [poisoned by a water moccasin]
  6336 | D:6      | 6336 ||| READING 6 scrolls of teleportation.
  6336 | D:6      | HP: 2/48 [poisoned by a water moccasin]
  6337 | D:6      | 6337 ||| DRINKING potion of heal wounds.
  6342 | D:6      | HP: 11/48 [poisoned by a water moccasin]
  6458 | D:6      | Reached skill level 10 in Axes
  6460 | D:6      | HP: 12/48 [poisoned by a water moccasin]
  6465 | D:6      | HP: 7/48 [poisoned by a water moccasin]
  6814 | D:6      | Reached XP level 9. HP: 53/53 MP: 13/13
  7227 | D:6      | 7227 ||| Stepping ~*~*~tactically~*~*~ (stealth).
  7517 | D:6      | 7517 ||| UPGRADING to +0 pair of gloves.
  7522 | D:6      | 7522 ||| DROPPING +0 ring mail "Roime" {rPois rN+ Str-4}.
  7523 | D:6      | 7523 ||| UPGRADING to +0 plate armour.
  7533 | D:6      | 7533 ||| DROPPING +0 chain mail.
  7534 | D:6      | 7534 ||| READING scroll labelled SOSUIPTENO.
  7535 | D:6      | 7535 ||| READING scroll labelled LOFEZX EFFO.
  7536 | D:6      | 7536 ||| READING scroll labelled WUKAYXK BEUTH.
  7536 | D:6      | Identified a scroll of acquirement
  7536 | D:6      | 7536 ||| ACQUIRING 953 gold pieces
  7536 | D:6      | Acquired 953 gold pieces
  7538 | D:6      | 7538 ||| READING 6 scrolls of identify.
  7538 | D:6      | 7538 ||| IDENTIFYING viscous white potion
  7539 | D:6      | 7539 ||| READING 5 scrolls of identify.
  7539 | D:6      | 7539 ||| IDENTIFYING inky potion
  7540 | D:6      | 7540 ||| DROPPING potion of magic.
  7573 | D:7      | 7573 ||| Stepping ~*~*~tactically~*~*~ (hiding).
  7575 | D:7      | 7575 ||| Stepping ~*~*~tactically~*~*~ (hiding).
  7577 | D:7      | 7577 ||| Stepping ~*~*~tactically~*~*~ (hiding).
  7589 | D:7      | 7589 ||| STAIRDANCE
  7733 | D:7      | 7733 ||| STAIRDANCE
  8073 | D:7      | Reached skill level 11 in Axes
  8444 | D:7      | Reached skill level 6 in Armour
  8477 | D:7      | 8477 ||| Stepping ~*~*~tactically~*~*~ (hiding).
  8571 | D:7      | Found an opulent altar of Gozag.
  8573 | D:7      | Found a bloodstained altar of Trog.
  8682 | D:7      | 8682 ||| Stepping ~*~*~tactically~*~*~ (hiding).
  8686 | D:7      | 8686 ||| Stepping ~*~*~tactically~*~*~ (hiding).
  8687 | D:7      | 8687 ||| Stepping ~*~*~tactically~*~*~ (hiding).
  8696 | D:7      | 8696 ||| Stepping ~*~*~tactically~*~*~ (hiding).
  8698 | D:7      | 8698 ||| Stepping ~*~*~tactically~*~*~ (hiding).
  8699 | D:7      | 8699 ||| Stepping ~*~*~tactically~*~*~ (hiding).
  8928 | D:7      | Reached skill level 12 in Axes
  9117 | D:7      | Found a radiant altar of Vehumet.
  9119 | D:7      | Found a shimmering blue altar of Sif Muna.
  9266 | D:7      | Found a staircase to the Ecumenical Temple.
  9267 | D:7      | 9267 ||| PLANNING TEMPLE
  9274 | D:7      | Reached XP level 10. HP: 51/59 MP: 11/14
  9313 | D:7      | 9313 ||| READING scroll labelled INTYMOI DIEH.
  9429 | D:7      | 9429 ||| READING 6 scrolls of identify.
  9429 | D:7      | 9429 ||| IDENTIFYING murky purple potion
  9430 | D:7      | 9430 ||| DROPPING potion of attraction.
  9434 | Temple   | Entered the Ecumenical Temple
  9440 | Temple   | Became a worshipper of Warmaster Okawaru
  9441 | Temple   | 9441 ||| REMOVING amulet of guardian spirit.
  9582 | Temple   | 9582 ||| PLANNING D:1-11
  9582 | Temple   | 9582 ||| DROPPING amulet of guardian spirit.
  9597 | D:7      | 9597 ||| READING 5 scrolls of teleportation.
  9611 | D:8      | Noticed Maurice
  9639 | D:8      | Killed Maurice
  9640 | D:8      | Reached skill level 6 in Fighting
  9747 | D:8      | Noticed Maggie
  9765 | D:8      | Killed Maggie
  9770 | D:8      | Reached * piety under Okawaru
  9771 | D:8      | 9771 ||| FLEEEEING.
  9772 | D:8      | 9772 ||| FLEEEEING.
  9773 | D:8      | 9773 ||| FLEEEEING.
  9774 | D:8      | 9774 ||| FLEEEEING.
  9775 | D:8      | 9775 ||| FLEEEEING.
  9776 | D:8      | 9776 ||| FLEEEEING.
  9777 | D:8      | 9777 ||| FLEEEEING.
  9782 | D:8      | 9782 ||| FLEEEEING.
  9783 | D:8      | 9783 ||| FLEEEEING.
  9784 | D:8      | 9784 ||| FLEEEEING.
  9785 | D:8      | 9785 ||| FLEEEEING.
  9789 | D:8      | 9789 ||| STAIRDANCE
  9976 | D:8      | 9976 ||| INVOKING Heroism.
 10015 | D:8      | 10015 ||| INVOKING Heroism.
 10074 | D:8      | 10074 ||| FLEEEEING.
 10075 | D:8      | 10075 ||| FLEEEEING.
 10248 | D:8      | Reached skill level 1 in Invocations
 10249 | D:8      | 10249 ||| INVOKING Heroism.
 10255 | D:8      | Reached skill level 13 in Axes
 10361 | D:8      | 10361 ||| READING scroll of enchant weapon.
 10361 | D:8      | 10361 ||| ENCHANTING +0 war axe.
 10399 | D:8      | Found a white marble altar of Elyvilon.
 10400 | D:8      | 10400 ||| Stepping ~*~*~tactically~*~*~ (stealth).
 10404 | D:8      | 10404 ||| INVOKING Heroism.
 10743 | D:8      | 10743 ||| READING scroll of enchant armour.
 10743 | D:8      | 10743 ||| ENCHANTING +0 pair of gloves.
 10775 | D:8      | Found a staircase to the Lair.
 10928 | D:8      | 10928 ||| READING scroll labelled TUREEGUDEE.
 10929 | D:8      | 10929 ||| DRINKING 2 clear potions.
 11030 | D:8      | 11030 ||| DROPPING potion of ambrosia.
 11102 | D:8      | 11102 ||| READING 4 scrolls of teleportation.
 11103 | D:8      | 11103 ||| STAIRDANCE
 11193 | D:8      | 11193 ||| STAIRDANCE
 11202 | D:7      | 11202 ||| INVOKING Heroism.
 11485 | D:8      | 11485 ||| PLANNING LAIR
 11485 | D:8      | 11485 ||| UPGRADING to +2 buckler.
 11568 | Lair:1   | Entered Level 1 of the Lair of Beasts
 11622 | Lair:1   | Noticed a cane toad
 11633 | Lair:1   | Killed a cane toad
 11783 | Lair:1   | 11783 ||| DRINKING potion of cancellation.
 11949 | Lair:1   | Noticed a six-headed hydra
 11950 | Lair:1   | 11950 ||| INVOKING Heroism.
 11955 | Lair:1   | Reached skill level 3 in Shields
 11955 | Lair:1   | 11955 ||| SWAPPING to +0 morningstar.
 11956 | Lair:1   | 11956 ||| Stepping ~*~*~tactically~*~*~ (outnumbered).
 11957 | Lair:1   | 11957 ||| Stepping ~*~*~tactically~*~*~ (outnumbered).
 11958 | Lair:1   | 11958 ||| Stepping ~*~*~tactically~*~*~ (outnumbered).
 11959 | Lair:1   | 11959 ||| Stepping ~*~*~tactically~*~*~ (outnumbered).
 11960 | Lair:1   | 11960 ||| Stepping ~*~*~tactically~*~*~ (outnumbered).
 11961 | Lair:1   | 11961 ||| Stepping ~*~*~tactically~*~*~ (outnumbered).
 11962 | Lair:1   | 11962 ||| SWAPPING to +1 war axe.
 11964 | Lair:1   | 11964 ||| SWAPPING to +0 morningstar.
 11965 | Lair:1   | 11965 ||| Stepping ~*~*~tactically~*~*~ (outnumbered).
 11967 | Lair:1   | 11967 ||| Stepping ~*~*~tactically~*~*~ (outnumbered).
 11968 | Lair:1   | 11968 ||| Stepping ~*~*~tactically~*~*~ (outnumbered).
 11969 | Lair:1   | 11969 ||| Stepping ~*~*~tactically~*~*~ (outnumbered).
 11970 | Lair:1   | 11970 ||| Stepping ~*~*~tactically~*~*~ (outnumbered).
 11971 | Lair:1   | 11971 ||| Stepping ~*~*~tactically~*~*~ (outnumbered).
 11973 | Lair:1   | 11973 ||| Stepping ~*~*~tactically~*~*~ (outnumbered).
 11974 | Lair:1   | 11974 ||| Stepping ~*~*~tactically~*~*~ (outnumbered).
 11975 | Lair:1   | 11975 ||| Stepping ~*~*~tactically~*~*~ (outnumbered).
 11976 | Lair:1   | 11976 ||| INVOKING Heroism.
 11977 | Lair:1   | 11977 ||| SWAPPING to +1 war axe.
 11978 | Lair:1   | 11978 ||| SWAPPING to +0 morningstar.
 11980 | Lair:1   | 11980 ||| SWAPPING to +1 war axe.
 11981 | Lair:1   | 11981 ||| SWAPPING to +0 morningstar.
 11989 | Lair:1   | HP: 14/61 [six-headed hydra (3)]
 11990 | Lair:1   | 11990 ||| READING 4 scrolls of teleportation.
 11990 | Lair:1   | HP: 1/61 [six-headed hydra (12)]
 11990 | Lair:1   | Mangled by a six-headed hydra

Levels and vault maps discovered:
D:1:      tarquinn_simple_flora_water_a, layout_basic,
          dilly_ecumenical_altar_fadedgnrine
D:2:      layout_basic, basic_altar, minmay_fractal_squares_5
D:3:      layout_basic, serial_shops, nicolae_shop_hallway_stairs,
          bh_walls_and_bars, uniq_ijyb, uniq_natasha
D:4:      layout_rooms, riverfiend_overflow_shadow_ancestor, interstate_on_off
D:5:      layout_cave_pools, palyth_stone_intersect,
          minmay_misc_feat_four_crosses, uniq_grinder
D:6:      layout_basic, kennysheep_generic_room_16
D:7:      layout_basic, jmf_multi_god_temple, minitemple, temple_doors_ab
D:8:      layout_rooms, mainiacjoe_overflow_paths,
          grunt_lair_entry_orc_guard_hut, nicolae_fountain_basement,
          uniq_maggie, uniq_maurice
Temple:   eino_narrow_crystal_temple
Lair:1:   layout_chaotic_city, grunt_megastairs_4

Skill      XL: |  1  2  3  4  5  6  7  8  9 10 |
---------------+-------------------------------+-----
Axes           | 3 4 5 7 8 10 12 13 | 13.1
Fighting       | 3 4 5 6 |  6.3
Dodging        | 3 4 |  4.3
Armour         | 3 4 6 7 |  7.0
Invocations    | 2 |  2.8
Shields        | 3 |  3.5
Throwing       | |  1.0
Spellcasting   | |  2.0
Translocations | |  2.4

Action                   |  1- 3 |  4- 6 |  7- 9 | 10-12 || total
-------------------------+-------+-------+-------+-------++-------
Melee: Hand axe          |    77 |   129 |       |       ||   206
       Kick              |    18 |    43 |    92 |    51 ||   204
       Peck              |    11 |    34 |    43 |    36 ||   124
       War axe           |       |    14 |   277 |   134 ||   425
       Punch             |       |       |     2 |       ||     2
       Morningstar       |       |       |       |    11 ||    11
Throw: Boomerang         |     7 |    35 |    68 |    22 ||   132
Invok: Heroism           |       |       |       |     7 ||     7
  Use: Scroll            |     3 |     7 |     7 |     8 ||    25
       Potion            |     2 |     3 |     1 |     2 ||     8
Armor: Leather armour    |     7 |       |       |       ||     7
       Scale mail        |    17 |    46 |    26 |       ||    89
       Chain mail        |       |       |    40 |       ||    40
       Plate armour      |       |       |    62 |    83 ||   145
Dodge: Dodged            |    36 |    63 |   127 |    49 ||   275
Block: Buckler           |       |       |       |    19 ||    19

Table legend:
 A = Non-vault XP
 B = Vault XP
 C = Vault XP percentage of total XP
 D = Non-vault monster count
 E = Vault monster count
 F = Vault count percentage of total count
                 A         B        C        D         E       F
            +---------+---------+-------+---------+---------+-------
      Total |    6046 |    2648 |  30.5 |     172 |      25 |  12.7
            +---------+---------+-------+---------+---------+-------
        D:1 |      43 |       0 |   0.0 |      28 |       0 |   0.0
        D:2 |      45 |      20 |  30.8 |      18 |       5 |  21.7
        D:3 |     212 |      75 |  26.1 |      16 |       2 |  11.1
        D:4 |     275 |       0 |   0.0 |      20 |       0 |   0.0
        D:5 |     529 |     262 |  33.1 |      22 |       1 |   4.3
        D:6 |    1395 |     134 |   8.8 |      27 |       2 |   6.9
        D:7 |    1574 |     438 |  21.8 |      27 |       6 |  18.2
        D:8 |     585 |    1719 |  74.6 |       7 |       9 |  56.2
     Lair:1 |    1388 |       0 |   0.0 |       7 |       0 |   0.0
            +---------+---------+-------+---------+---------+-------
